 Dungeon Crawl Stone Soup version 0.21.1-1-g345015f (webtiles) character file.

664698 troglodite the Slayer (level 27, -10/235 (237) HPs)
             Began as a Demonspawn Berserker on July 2, 2018.
             Was the Champion of Trog.
             Mangled by an iron troll (14 damage)
             ... while paralysed by a great orb of eyes
             ... on level 3 of the Depths on July 4, 2018.
             The game lasted 04:26:42 (60408 turns).

troglodite the Slayer (Demonspawn Berserker)       Turns: 60408, Time: 04:26:42

HP:   -10/235 (237) AC: 44    Str: 22      XL:     27
MP:   23/23         EV:  2    Int:  7 (9)  God:    Trog [******]
Gold: 5408          SH:  0    Dex: 22      Spells: 26/26 levels left

rFire    + + .     SeeInvis +   T - +9 scimitar (slice)
rCold    + . .     Gourm    .   V - +10 large shield of Ignorance {rN+ Int-4}
rNeg     + + +     Faith    .   H - +6 gold dragon scales
rPois    +         Spirit   .   (helmet unavailable)
rElec    +         Reflect  .   Q - +1 cloak of Starlight {rElec rC+ EV+4 Stlth--}
rCorr    +         Harm     .   v - +2 pair of gloves of Dogma {rN+}
MR       +....     NoTele   +   B - +2 pair of boots {run}
Stlth    ..........             O - macabre finger necklace {rN+}
HPRegen  6.49/turn              Z - ring of the Octopus King {Wiz AC+1 EV+1 Str+1 Int+1 Dex+1}
MPRegen  0.18/turn              A - +5 ring of evasion
                                U - ring "Ysovo" {Fire Int+4 SInv}

@: confused, paralysed, vulnerable, cannot translocate, berserk cooldown,
slowed, studying 3 skills, quick
A: horns 3, yellow scales 3, demonic guardian 3, dopey 1, negative energy
resistance 1, powered by death 3, 50% torment resistance, evolution 2, black
mark
}: 4/15 runes: barnacled, silver, abyssal, gossamer
a: Berserk, Trog's Hand, Brothers in Arms, Burn Spellbooks, Renounce Religion


You were on level 3 of the Depths.
You worshipped Trog.
Trog was exalted by your worship.
You were very hungry.

You visited 8 branches of the dungeon, and saw 42 of its levels.
You visited the Abyss 4 times.
You visited 1 ziggurat, and saw 14 of its levels.
You also visited: Labyrinth, Volcano and Wizlab.

You collected 6821 gold pieces.
You spent 1413 gold pieces at shops.

Inventory:

Hand Weapons
 S - a +7 scimitar of flaming
 T - a +9 scimitar of slicing (weapon)
Armour
 a - the +0 cloak of the Earth {-Cast rPois Slay+2}
   (You found it on level 3 of a ziggurat)

   It affects your accuracy and damage with ranged weapons and melee attacks
   (+2).
   It protects you from poison.
   It prevents spellcasting.
 v - the +2 pair of gloves of Dogma (worn) {rN+}
   (You found it on level 1 of the Elven Halls)

   It protects you from negative energy.
 z - the +8 orange crystal plate armour {Archmagi, Int+3 Clar}
   (You found it on level 5 of the Vaults)

   It affects your intelligence (+3).
   It protects you against confusion.
 B - a +2 pair of boots of running (worn)
 H - +6 gold dragon scales (worn)
 N - the +1 scale mail "Jitte" {rF+ Int+4}
   (You found it on level 12 of a ziggurat)

   It affects your intelligence (+4).
   It protects you from fire.
 Q - the +1 cloak of Starlight (worn) {rElec rC+ EV+4 Stlth--}
   (You found it in a wizard's laboratory)

   It affects your evasion (+4).
   It protects you from cold.
   It insulates you from electricity.
   It makes you much less stealthy.
 V - the +10 large shield of Ignorance (worn) {rN+ Int-4}
   (You found it on level 13 of a ziggurat)

   It affects your intelligence (-4).
   It protects you from negative energy.
 W - a +5 shield of reflection
Jewellery
 n - an uncursed ring of protection from magic
 o - the ring "Juntei" {rPois Dex+4}
   (You took it off a deep elf sorcerer on level 3 of the Elven Halls)

   [ring of poison resistance]

   It affects your dexterity (+4).
   It protects you from poison.
 A - a +5 ring of evasion (right hand)
 C - an uncursed ring of protection from magic
 D - the amulet "Karghah" {RegenMP rElec rN+}
   (You found it on level 8 of a ziggurat)

   [amulet of magic regeneration]

   It increases your magic regeneration.
   It insulates you from electricity.
   It protects you from negative energy.
 O - the macabre finger necklace (around neck) {rN+}
   (You found it in a wizard's laboratory)

   [amulet of nothing]

   It protects you from negative energy.
 R - the ring "Huriut" {Wiz rF+ Dex+5}
   (You found it on level 14 of a ziggurat)

   [ring of wizardry]

   It improves your spell success rate.
   It affects your dexterity (+5).
   It protects you from fire.
 U - the ring "Ysovo" (on amulet) {Fire Int+4 SInv}
   (You found it on level 3 of the Elven Halls)

   [ring of fire]

   It enhances your fire magic.
   It affects your intelligence (+4).
   It protects you from fire.
   It makes you vulnerable to cold.
   It lets you see invisible.
 Z - a ring of the Octopus King (left hand) {Wiz AC+1 EV+1 Str+1 Int+1 Dex+1}
   (You took it off a deep elf mage on level 3 of the Elven Halls)

   [ring of wizardry]

   It improves your spell success rate.
   It affects your AC (+1).
   It affects your evasion (+1).
   It affects your strength (+1).
   It affects your intelligence (+1).
   It affects your dexterity (+1).
Wands
 G - a wand of digging (63)
Scrolls
 b - 12 scrolls of teleportation
 g - 3 scrolls of blinking
 j - 7 scrolls of fear
 l - 25 scrolls of remove curse
 r - 13 scrolls of fog
 y - a scroll of summoning
 F - 3 scrolls of magic mapping
Potions
 d - 4 potions of magic
 e - a potion of brilliance
 h - a potion of invisibility
 i - 12 potions of heal wounds
 k - 9 potions of haste
 m - 3 potions of flight
 p - 8 potions of lignification
 q - 21 potions of curing
 s - 6 potions of might
 t - 6 potions of ambrosia
 u - 5 potions of resistance
 w - 6 potions of berserk rage
 x - 5 potions of cancellation
 J - 4 potions of agility
 K - 6 potions of mutation
Books
 I - a manual of Crossbows
 L - a manual of Long Blades
 M - a manual of Dodging
Comestibles
 c - 62 rations


   Skills:
 * Level 23.6 Fighting
   Level 0.4(12.5) Short Blades
 + Level 18.5 Long Blades
 * Level 20.4 Armour
 + Level 11.7 Dodging
 - Level 1.1 Stealth
 + Level 22.0 Shields


You had 26 spell levels left.
You didn't know any spells.

Dungeon Overview and Level Annotations

Branches:
Dungeon (15/15)            Temple (0/1) D:4            Lair (6/6) D:9
 Shoals (4/4) Lair:2       Spider (4/4) Lair:4        Slime (0/5) Lair:5
    Orc (2/2) D:10            Elf (3/3) Orc:2        Vaults (5/5) D:13
  Crypt (0/3) Vaults:2     Depths (3/5) D:15

Altars:
Ashenzari
Cheibriados
Hepliaklqana
Kikubaaqudgha
Makhleb
Sif Muna
Trog
Vehumet
Xom
Yredelemnul
Zin
The Shining One
Beogh
Jiyva

Shops:
D:4 *   D:8 !   D:9 [   Orc:2 %![*}   Shoals:1 *[   Shoals:2 ?   Shoals:3 %
Vaults:1 *:*(}   Vaults:5 !![}[   Depths:1 **

Portals:
Hell: Depths:1 Depths:2
Abyss: Depths:1 Depths:2
Pandemonium: Depths:1

Annotations:
Depths:3 Xtahua, the Enchantress


Innate Abilities, Weirdness & Mutations

You have a pair of large horns on your head.
You are completely covered in yellow scales. (AC +4, rCorr)
A powerful demonic guardian rushes to your aid.
You resist negative energy. (rN+)
You regenerate a lot of health from kills.
You are somewhat able to resist unholy torments (1 in 2 success).
Your melee attacks may debilitate your foes.
You are dopey. (Int -2)
You rapidly evolve.


Message History

* * * LOW HITPOINT WARNING * * *
The iron troll claws you but does no damage. x2
The spriggan air mage hits you but does no damage.
The Enchantress hits you with an enchanted quick blade!
* * * LOW HITPOINT WARNING * * *
The ice dragon closely misses your cacodemon.
The ice dragon claws your cacodemon. The ice dragon tramples your cacodemon.
Your cacodemon holds its ground!
The tengu conjurer hits your cacodemon but does no damage.
The tengu conjurer pecks your cacodemon but does no damage.
The tengu conjurer claws your cacodemon but does no damage.
The deep troll shaman calls upon its god to strengthen the deep troll.
The deep troll seems to grow stronger.
The spriggan rider hits you from afar with a spear.
* * * LOW HITPOINT WARNING * * *
Your cacodemon gestures at the ice dragon.
The ice dragon twists and deforms.
The iron troll bites you but does no damage.
The iron troll claws you!
You die...

.......................
................)..##...
................#### ##.
...............##
.................#
................##
................#
......iiT...≈≈≈.#
..#.TT@TT..≈≈...
.....TGDTi......
......2Tii......
....DQ..........
.........).....?
..Q.............
....%....≈≈≈....
...............


You could see Xtahua, the Enchantress, an ice dragon, 2 iron trolls, a great orb
of eyes, a spriggan rider, a tengu warrior, 3 deep trolls, 3 spriggan air magi,
a deep troll earth mage, 2 deep troll shamans, a tengu conjurer and a friendly
cacodemon.

Vanquished Creatures
  An ancient lich (Zig:13)
  3 juggernauts (Zig:12)
  Sojobo (Vaults:4)
  Saint Roka (Orc:2)
  A caustic shrike (Depths:2)
  2 golden dragons (Vaults:5)
  A bone dragon (Abyss:4)
  A Hellbinder (WizLab)
  The ghost of erker the Martial Artist, an adept OpTm of Cheibriados (Vaults:3)
  Jorgrun (Shoals:2)
  5 liches
  A titan (Depths:2)
  A deep elf master archer (Elf:3)
  2 quicksilver dragons
  A deep elf blademaster (Elf:3)
  Gastronok (Lair:2)
  Agnes (D:15)
  A sphinx (Vaults:5)
  3 ancient champions (Zig:6)
  3 storm dragons
  9 tengu reavers
  2 revenants (Zig:8)
  4 shadow dragons
  Donald (Orc:2)
  The ghost of tkdonut the Severer, a journeyman HOBe of Trog (Elf:2)
  2 nagarajas (Zig:9)
  5 fire giants
  3 frost giants
  2 balrugs
  4 ghost moths
  9 deep elf sorcerers
  A blood saint (Zig:13)
  7 vault wardens
  Aizul (Vaults:3)
  2 ghouls
  4 emperor scorpions
  3 deep elf elementalists (Elf:3)
  A caustic shrike skeleton (Depths:1)
  2 cacodemons (WizLab)
  27 very ugly things
  2 spriggan defenders (Depths:3)
  14 ironheart preservers
  11 stone giants
  A draconian annihilator (Zig:13)
  2 juggernaut skeletons (Zig:11)
  A war gargoyle (Vaults:5)
  4 vampire knights
  8 deep elf demonologists
  8 entropy weavers
  2 lorocyprocas (WizLab)
  12 deep elf annihilators
  4 spark wasps
  10 ettins
  2 eidola (Zig:8)
  A minotaur (Lab)
  9 deep elf death magi
  3 merfolk javelineers
  8 merfolk impalers
  6 green deaths
  Josephine (Orc:2)
  2 mummy priests (Zig:4)
  6 deep elf high priests
  16 yaktaur captains
  5 fire dragons
  Harold (Lair:1)
  A naga warrior (Zig:9)
  3 rakshasas
  29 vault guards
  9 hydras
  An ice dragon (shapeshifter) (Vaults:5)
  11 centaur warriors
  5 great orbs of eyes
  2 merfolk avatars
  2 spriggan air magi (Depths:2)
  A death knight (Vaults:2)
  7 merfolk aquamancers
  3 alligator snapping turtles
  30 dancing weapons
  4 death yaks (Lair:4)
  4 deep troll earth magi
  24 two-headed ogres
  10 ogre magi
  A satyr (Shoals:4)
  A vampire mage (Abyss:4)
  6 orc high priests
  6 tengu warriors
  Urug (Lair:4)
  4 hell knights
  3 thrashing horrors (Abyss:4)
  A sun demon (WizLab)
  21 deep elf knights
  A shock serpent (Zig:9)
  2 naga sharpshooters
  A soul eater (WizLab)
  A sixfirhy (WizLab)
  3 shadow wraiths
  4 salamander mystics
  A sea snake (shapeshifter) (Depths:1)
  A spatial maelstrom (Abyss:4)
  2 unseen horrors
  A fire crab (shapeshifter) (Vaults:3)
  16 deep trolls
  4 flayed ghosts
  A shadow demon (WizLab)
  13 sea snakes
  13 deep elf archers
  A swamp dragon (shapeshifter) (Zig:14)
  8 wizards
  A glowing orange brain (Depths:3)
  A lindwurm (shapeshifter) (Elf:2)
  5 necromancers
  A phantasmal warrior (Vaults:2)
  17 harpies
  An iron dragon zombie (Zig:11)
  19 orb spiders
  A mana viper (shapeshifter) (Vaults:5)
  36 wolf spiders
  19 orc knights
  5 orc sorcerers
  A fire giant zombie (Vaults:5)
  A golden dragon skeleton (Zig:11)
  9 ironbrand convokers
  63 deep elf magi
  An orb spider (shapeshifter) (Vaults:1)
  A tengu zombie (Zig:11)
  5 fauns
  3 oklob plants
  4 cyclopes
  38 ugly things
  8 manticores
  3 salamanders (Depths:2)
  A frost giant skeleton (Zig:11)
  5 moths of wrath
  15 vault sentinels
  6 black mambas
  A naga mage (Zig:13)
  A spriggan zombie (Zig:4)
  2 centaur zombies
  A fire giant skeleton (Depths:1)
  A guardian serpent (Zig:9)
  A rust devil (WizLab)
  5 smoke demons
  4 water nymphs (Shoals:4)
  5 elephants
  A guardian serpent (shapeshifter) (Depths:2)
  6 merfolk sirens
  A molten gargoyle (Volcano)
  A gargoyle (Volcano)
  2 rime drakes (shapeshifter)
  2 spiny frogs (shapeshifter)
  Psyche (D:9)
  A human zombie (Vaults:5)
  2 orange demons (WizLab)
  A torpor snail (Zig:10)
  28 spiny frogs
  5 freezing wraiths
  11 demonic crawlers
  A kobold demonologist (D:15)
  10 komodo dragons
  29 yaktaurs
  A hellion (WizLab)
  6 hellwings
  A guardian mummy (Zig:4)
  3 tormentors (WizLab)
  12 trolls
  A merfolk (shapeshifter) (Elf:1)
  A meliai (shapeshifter) (Vaults:3)
  3 red devils
  3 meliai (Abyss:4)
  41 jumping spiders
  4 tyrant leeches (Lair:6)
  24 merfolk
  2 minotaur zombies (Lab)
  4 tengu conjurers
  7 wind drakes
  Prince Ribbit (D:10)
  3 raiju (Abyss:4)
  7 snapping turtles
  40 blink frogs
  9 hippogriffs
  27 slime creatures
  A human simulacrum (Vaults:3)
  A raiju (shapeshifter) (Vaults:4)
  11 hornets
  3 dream sheep (Lair:4)
  A stone giant simulacrum (Depths:1)
  A flying skull (Zig:11)
  71 redbacks
  A vampire (D:13)
  2 air elementals
  A centaur simulacrum (D:14)
  9 water elementals
  An ushabti (Zig:4)
  8 wraiths
  A shadow (D:13)
  34 tarantellas
  An elf zombie (Vaults:5)
  28 yaks
  A fire bat (shapeshifter) (Vaults:2)
  7 fire elementals
  2 wyverns
  3 basilisks
  A basilisk (shapeshifter) (Vaults:2)
  A hog (D:12)
  8 vampire mosquitoes
  A chaos spawn (Abyss:4)
  2 fire bats (Volcano)
  2 hungry ghosts
  An elf skeleton (Zig:11)
  2 nagas (Zig:9)
  A soldier ant (D:12)
  8 wargs
  12 water moccasins
  4 large abominations
  4 acid dragons
  Duvessa (D:4)
  A hell hound (Depths:2)
  7 porcupines
  55 orc warriors
  An ice beast (shapeshifter) (Depths:2)
  An eye of draining (shapeshifter) (Elf:3)
  An eye of draining (D:13)
  4 ice beasts
  3 sky beasts
  2 phantoms
  A black bear (shapeshifter) (Vaults:4)
  An ettin simulacrum (Vaults:4)
  A necrophage (D:14)
  3 wolves (Lair:2)
  A wolf (shapeshifter) (Vaults:1)
  7 boggarts
  16 centaurs
  34 ogres
  10 crocodiles
  A big kobold (D:8)
  16 bullfrogs
  A deep troll simulacrum (Vaults:4)
  A gnoll sergeant (D:6)
  A small abomination (Abyss:4)
  5 earth elementals
  7 killer bees
  13 wights
  2 scorpions
  4 electric eels
  3 howler monkeys
  14 crimson imps
  2 bullfrog zombies
  7 starcursed masses (Abyss:4)
  5 hounds
  6 lava snakes (Volcano)
  A quasit (D:10)
  4 jellies
  33 orc priests
  31 orc wizards
  A bullfrog skeleton (D:6)
  An iron imp (Abyss:4)
  Jessica (D:3)
  7 centaur skeletons
  14 iguanas
  Natasha (thrice) (D:4)
  4 worker ants
  A bullfrog simulacrum (D:13)
  A hound zombie (D:5)
  A mummy (Zig:4)
  A worker ant zombie (D:5)
  5 gnolls
  13 adders
  2 shadow imps
  A white imp (Vaults:4)
  2 oozes
  An ufetubus (Depths:1)
  5 adder zombies
  3 adder skeletons
  6 worms
  2 dart slugs
  6 leopard geckos
  76 orcs
  A giant cockroach (D:6)
  9 goblins
  6 hobgoblins
  9 jackals
  A quokka (D:11)
  3 ball pythons
  20 bats
  3 frilled lizards
  6 kobolds
  A leopard gecko skeleton (D:6)
  7 rats
  A crawling corpse (Zig:14)
  4 fungi
  2 plants (Shoals:4)
1889 creatures vanquished.

Vanquished Creatures (collateral kills)
  2 juggernauts (Depths:2)
  Margery (Depths:3)
  Nikola (Shoals:3)
  Arachne (Spider:4)
  A deep elf blademaster (Elf:3)
  4 titans
  A lich (Depths:2)
  An ancient champion (Zig:6)
  A deep elf master archer (Zig:14)
  A sphinx (D:13)
  Kirke (D:12)
  2 storm dragons (Vaults:5)
  2 nagarajas
  Ilsuiw (Shoals:4)
  3 tengu reavers
  4 vault wardens
  2 orc warlords
  A fire giant (Vaults:5)
  A deep elf sorcerer (Vaults:5)
  4 balrugs
  A cacodemon (WizLab)
  A curse skull (Zig:6)
  Louise (Shoals:2)
  A black sun (WizLab)
  An ironheart preserver (Vaults:3)
  A spriggan defender (Depths:3)
  2 stone giants (Vaults:5)
  6 very ugly things
  Azrael (Orc:2)
  2 deep elf demonologists
  A deep elf annihilator (Elf:3)
  3 merfolk javelineers (Shoals:4)
  An ettin (Vaults:4)
  3 merfolk impalers
  An ettin (shapeshifter) (Vaults:5)
  3 deep elf death magi
  A green death (WizLab)
  2 deep elf high priests
  4 vault guards
  3 yaktaur captains
  A naga warrior (Zig:9)
  2 hydras
  5 merfolk avatars
  An ice dragon (Depths:2)
  A rakshasa (Depths:3)
  Erica (D:9)
  A centaur warrior (D:12)
  2 catoblepae (Shoals:2)
  A deep troll shaman (Depths:3)
  14 two-headed ogres
  2 death yaks (Lair:4)
  4 ogre magi
  An alligator snapping turtle (Shoals:4)
  3 satyrs
  2 orc high priests
  5 dancing weapons
  A shock serpent (Zig:9)
  2 salamander mystics
  3 wretched stars (Abyss:4)
  5 deep elf knights
  A hell knight (Depths:3)
  A slime creature (Vaults:1)
  3 deep trolls
  6 large abominations
  A shadow demon (WizLab)
  3 wizards
  A naga ritualist (Zig:9)
  7 sea snakes
  A glowing orange brain (Depths:3)
  An orange crystal statue (Zig:14)
  An ironbrand convoker (Vaults:3)
  6 deep elf archers
  2 necromancers
  12 harpies
  A shadow dragon skeleton (Zig:11)
  Pikel (D:4)
  A phantasmal warrior (Vaults:5)
  2 orc knights
  An orb spider (Zig:10)
  15 deep elf magi
  6 orc sorcerers
  A mana viper (Zig:9)
  A wolf spider (Zig:10)
  5 oklob plants
  7 fauns
  8 manticores
  5 ugly things
  2 cyclopes
  A human skeleton (Vaults:5)
  A moth of wrath (Spider:4)
  6 elephants
  3 vault sentinels
  3 water nymphs
  3 merfolk sirens (Shoals:4)
  2 spiny frogs (Lair:6)
  An orange demon (WizLab)
  A gargoyle (D:13)
  A yaktaur zombie (Vaults:5)
  An efreet (D:15)
  3 yaktaurs
  2 hellions (WizLab)
  A demonic crawler (Zig:10)
  A hellwing (WizLab)
  2 komodo dragons
  A red devil (WizLab)
  11 merfolk
  2 meliai (Abyss:4)
  2 jumping spiders (Zig:10)
  A meliai (shapeshifter) (Zig:14)
  3 hornets
  A queen bee (Abyss:4)
  6 blink frogs
  2 wind drakes
  A dream sheep (Lair:4)
  2 snapping turtles
  2 hippogriffs
  A spriggan (shapeshifter) (Depths:3)
  2 tarantellas
  2 redbacks
  4 wraiths
  A spriggan (Depths:3)
  3 yaks (Lair:2)
  2 small abominations
  4 water elementals
  A basilisk (shapeshifter) (D:13)
  5 vampire mosquitoes
  A chaos spawn (WizLab)
  5 fire elementals
  A hog (D:12)
  2 basilisks (D:9)
  A warg (Zig:12)
  A hell hound (Volcano)
  A water moccasin (Lair:1)
  A porcupine (Lair:4)
  The ghost of sking99 the Ruffian, an amateur TrMo (D:3)
  10 orc warriors
  A phantom (D:4)
  A necrophage (Zig:11)
  2 slaves (D:4)
  A boggart (Depths:2)
  12 ogres
  A centaur (D:8)
  4 bullfrogs
  An earth elemental (Elf:1)
  A wyvern skeleton (D:8)
  Dowan (D:4)
  3 killer bees (Abyss:4)
  A crimson imp (D:5)
  A bullfrog skeleton (D:5)
  A jelly (D:5)
  3 hounds
  8 orc priests
  8 orc wizards
  2 mummies (Zig:4)
  21 orcs
  A jackal (D:8)
  2 crawling corpses (Vaults:5)
424 creatures vanquished.

Vanquished Creatures (others)
  A deep elf master archer (Elf:3)
  A vault warden (Vaults:5)
  A very ugly thing (Vaults:5)
  A blood saint (Zig:5)
  A merfolk javelineer (Shoals:4)
  A centaur warrior (D:14)
  A satyr (Shoals:2)
  3 deep elf archers
  A deep elf mage (Elf:1)
  An orb spider (Spider:3)
  2 cyclopes
  2 fauns
  2 yaktaurs
  2 humans (D:12)
  A human (shapeshifter) (Zig:14)
  A naga (Zig:9)
  An orc warrior (Vaults:2)
  A slave (D:4)
  3 centaurs
  A water moccasin skeleton (D:4)
  A killer bee (Abyss:4)
  A crimson imp (D:12)
  An orc priest (Vaults:4)
  3 orcs
  A giant cockroach (D:4)
  A quokka (D:12)
  14 fungi
  A lurking horror (Abyss:4)
  59 plants
110 creatures vanquished.

Grand Total: 2423 creatures vanquished

Notes
Turn   | Place    | Note
-------+----------+-------------------------------------------
     0 | D:1      | troglodite the Demonspawn Berserker began the quest for the Orb.
     0 | D:1      | Reached XP level 1. HP: 18/18 MP: 1/1
    80 | D:1      | Gained mutation: A weak demonic guardian rushes to your aid. [demonic ancestry]
    80 | D:1      | Reached XP level 2. HP: 9/24 MP: 2/2
  1013 | D:2      | Gained mutation: You have a pair of small horns on your head. [demonic ancestry]
  1013 | D:2      | Reached XP level 3. HP: 24/29 MP: 3/3
  1353 | D:2      | Reached ** piety under Trog
  1758 | D:2      | Reached XP level 4. HP: 35/36 MP: 4/4
  1771 | D:2      | Found a bloodstained altar of Trog.
  1771 | D:2      | Found a glowing golden altar of the Shining One.
  1772 | D:2      | Found an ancient bone altar of Kikubaaqudgha.
  2340 | D:2      | Found a shimmering altar of Xom.
  2445 | D:3      | Reached skill level 4 in Fighting
  2469 | D:3      | Gained mutation: A demonic guardian rushes to your aid. [demonic ancestry]
  2469 | D:3      | Reached XP level 5. HP: 12/42 MP: 5/5
  2641 | D:3      | Noticed Jessica
  2650 | D:3      | Killed Jessica
  2970 | D:3      | Noticed sking99's ghost (amateur TrMo)
  2977 | D:3      | Killed sking99's ghost
  3434 | D:4      | Noticed Pikel
  3434 | D:4      | Noticed a slave
  3434 | D:4      | Noticed a slave
  3434 | D:4      | Noticed a slave
  3436 | D:4      | Noticed a slave
  3441 | D:4      | Killed a slave
  3441 | D:4      | Reached XP level 6. HP: 23/48 MP: 6/6
  3446 | D:4      | Killed a slave
  3449 | D:4      | Killed Pikel
  3449 | D:4      | Reached XP level 7. HP: 33/55 MP: 7/7
  3643 | D:4      | Reached *** piety under Trog
  3724 | D:4      | Noticed Natasha
  3737 | D:4      | Killed Natasha
  3947 | D:4      | Noticed Natasha
  3953 | D:4      | Killed Natasha
  3953 | D:4      | Reached skill level 5 in Fighting
  3983 | D:4      | Found Perehiak's Assorted Antiques.
  4000 | D:4      | Found a staircase to the Ecumenical Temple.
  4212 | D:4      | Noticed Natasha
  4217 | D:4      | Killed Natasha
  4253 | D:4      | Noticed Duvessa
  4254 | D:4      | Noticed Dowan
  4267 | D:4      | Killed Dowan
  4273 | D:4      | Killed Duvessa
  4509 | D:4      | Reached skill level 5 in Armour
  4925 | D:5      | Entered Level 5 of the Dungeon
  4970 | D:5      | Noticed a hippogriff
  4978 | D:5      | Killed a hippogriff
  4978 | D:5      | Reached skill level 5 in Long Blades
  4978 | D:5      | Gained mutation: You are partially covered in yellow scales. (AC +2) [demonic ancestry]
  4978 | D:5      | Reached XP level 8. HP: 64/64 MP: 8/8
  5032 | D:5      | Reached skill level 6 in Fighting
  5086 | D:5      | Reached **** piety under Trog
  5821 | D:6      | Reached skill level 1 in Stealth
  6131 | D:6      | Reached skill level 7 in Fighting
  6231 | D:6      | Gained mutation: You regenerate a little health from kills. [demonic ancestry]
  6231 | D:6      | Reached XP level 9. HP: 60/72 MP: 9/9
  7028 | D:7      | Reached skill level 1 in Shields
  7170 | D:7      | Noticed Prince Ribbit
  8047 | D:8      | Got a bloodstained ring mail
  8058 | D:8      | Identified the +3 ring mail of Nihilism {rF+ Str+5 Dex+3} (You found it on level 8 of the Dungeon)
  8204 | D:8      | Found Uxzolev's Distillery.
  8209 | D:8      | Reached ***** piety under Trog
  8460 | D:8      | Noticed a two-headed ogre
  8462 | D:8      | Killed a two-headed ogre
  8675 | D:8      | Gained mutation: A powerful demonic guardian rushes to your aid. [demonic ancestry]
  8675 | D:8      | Reached XP level 10. HP: 80/80 MP: 10/10
  8866 | D:8      | Found a hazy altar of Hepliaklqana.
  8997 | D:9      | Found Ichiplo's Armour Shop.
  9087 | D:9      | Found a staircase to the Lair.
  9087 | D:9      | Noticed an elephant
  9096 | D:9      | Killed an elephant
  9096 | D:9      | Reached skill level 8 in Fighting
  9097 | D:9      | Reached skill level 5 in Dodging
  9334 | D:9      | Noticed Erica
  9342 | D:9      | Killed Erica
  9389 | D:9      | Noticed a two-headed ogre
  9393 | D:9      | Killed a two-headed ogre
  9447 | D:9      | Found a radiant altar of Vehumet.
  9447 | D:9      | Found a basalt altar of Yredelemnul.
  9454 | D:9      | Found a snail-covered altar of Cheibriados.
  9456 | D:9      | Found a deep blue altar of Sif Muna.
  9457 | D:9      | Found a glowing silver altar of Zin.
  9558 | D:9      | Found a shattered altar of Ashenzari.
  9564 | D:9      | Noticed Psyche
  9573 | D:9      | Killed Psyche
  9575 | D:9      | Received a gift from Trog
  9996 | D:10     | Entered Level 10 of the Dungeon
 10087 | D:10     | Killed Prince Ribbit
 10087 | D:10     | Reached skill level 5 in Shields
 10136 | D:10     | Noticed a red ugly thing
 10144 | D:10     | Killed a red ugly thing
 10144 | D:10     | Reached XP level 11. HP: 87/87 MP: 11/11
 10173 | D:10     | Received a gift from Trog
 10233 | D:10     | Found a staircase to the Orcish Mines.
 10496 | D:10     | Found a viscous altar of Jiyva.
 10507 | D:10     | Reached skill level 9 in Fighting
 12145 | D:12     | Noticed Kirke
 12152 | D:12     | Killed Kirke
 12516 | D:12     | Noticed a centaur warrior
 12517 | D:12     | Noticed a deep elf mage
 12521 | D:12     | Killed a centaur warrior
 12524 | D:12     | Killed a deep elf mage
 13448 | Orc:1    | Entered Level 1 of the Orcish Mines
 13459 | Orc:1    | Found a roughly hewn altar of Beogh.
 13959 | Orc:2    | Entered Level 2 of the Orcish Mines
 14030 | Orc:2    | Noticed Azrael
 14083 | Orc:2    | Killed Azrael
 14083 | Orc:2    | Gained mutation: You resist negative energy. (rN+) [demonic ancestry]
 14083 | Orc:2    | Reached XP level 12. HP: 97/97 MP: 4/12
 14095 | Orc:2    | Noticed an orc warlord
 14101 | Orc:2    | Killed an orc warlord
 14304 | Orc:2    | Found a bloodstained altar of Trog.
 14330 | Orc:2    | Noticed Saint Roka
 14341 | Orc:2    | Received a gift from Trog
 14491 | Orc:2    | Reached skill level 10 in Fighting
 14508 | Orc:2    | Killed Saint Roka
 14648 | Orc:2    | Noticed Josephine
 14655 | Orc:2    | Killed Josephine
 14665 | Orc:2    | Noticed an orc high priest
 14670 | Orc:2    | Killed an orc high priest
 14670 | Orc:2    | Reached skill level 10 in Long Blades
 14677 | Orc:2    | Noticed an orc high priest
 14683 | Orc:2    | Killed an orc high priest
 14724 | Orc:2    | Noticed an orc high priest
 14737 | Orc:2    | Killed an orc high priest
 14834 | Orc:2    | Reached ****** piety under Trog
 14866 | Orc:2    | Found Okif's Distillery.
 14866 | Orc:2    | Found Geher's Gadget Shop.
 14866 | Orc:2    | Found Geocanug's Assorted Antiques.
 14876 | Orc:2    | Noticed an orc high priest
 14882 | Orc:2    | Killed an orc high priest
 14938 | Orc:2    | Found Paluhyu's Armour Boutique.
 15078 | Orc:2    | Found Buiny's Food Boutique.
 15247 | Orc:2    | Noticed Donald
 15265 | Orc:2    | Killed Donald
 15338 | Orc:2    | Found a staircase to the Elven Halls.
 15562 | Lair:1   | Entered Level 1 of the Lair of Beasts
 15567 | Lair:1   | Gained mutation: You are mostly covered in yellow scales. (AC +3) [demonic ancestry]
 15567 | Lair:1   | Reached XP level 13. HP: 77/105 MP: 3/13
 16071 | Lair:1   | Got a fine dagger
 16072 | Lair:1   | Identified the +4 dagger "Foxudon" {pierce, rPois Int+3 Dex+4} (You found it on level 1 of the Lair of Beasts)
 16123 | Lair:1   | Noticed Harold
 16134 | Lair:1   | Killed Harold
 16134 | Lair:1   | Reached skill level 11 in Fighting
 16297 | Lair:1   | Received a gift from Trog
 17250 | Lair:2   | Found a burning altar of Makhleb.
 17274 | Lair:2   | Found a staircase to the Shoals.
 17372 | Lair:2   | Reached skill level 10 in Armour
 17649 | Lair:2   | Noticed Gastronok
 17681 | Lair:2   | Killed Gastronok
 19187 | Lair:4   | Reached skill level 10 in Shields
 19206 | Lair:4   | Found a labyrinth entrance.
 19218 | Lab      | Entered a labyrinth
 20220 | Lab      | Noticed a minotaur
 20229 | Lab      | Killed a minotaur
 20282 | Lab      | Received a gift from Trog
 20467 | Lab      | Got a warped executioner's axe
 20470 | Lab      | Identified the +7 executioner's axe of the Doomed Warrior {chop, rF+++ Dex-4} (You found it in a labyrinth)
 20604 | Lair:4   | Found a hole to the Spider Nest.
 20624 | Lair:4   | Gained mutation: You regenerate health from kills. [demonic ancestry]
 20624 | Lair:4   | Reached XP level 14. HP: 95/114 MP: 8/14
 20801 | Lair:4   | Reached skill level 12 in Fighting
 20809 | Lair:4   | Noticed Urug
 20817 | Lair:4   | Killed Urug
 21990 | Lair:5   | Found a viscous altar of Jiyva.
 21998 | Lair:5   | Found a staircase to the Slime Pits.
 22583 | Lair:6   | Entered Level 6 of the Lair of Beasts
 22802 | Lair:6   | Found a dark tunnel.
 22807 | Volcano  | Entered a volcano
 23107 | Volcano  | Found a burning altar of Makhleb.
 23123 | Volcano  | Received a gift from Trog
 23198 | Volcano  | Got a warped dagger
 23204 | Volcano  | Identified the +7 dagger of Oozing Pus {vamp, *Drain Str+7} (You found it in a volcano)
 23911 | Lair:6   | Reached skill level 13 in Fighting
 23922 | Lair:6   | Gained mutation: You have a pair of horns on your head. [demonic ancestry]
 23922 | Lair:6   | Reached XP level 15. HP: 102/123 MP: 9/15
 24339 | Lair:6   | Received a gift from Trog
 24607 | Lair:6   | Identified a +2 pair of boots of running (You found it on level 6 of the Lair of Beasts)
 24793 | Shoals:1 | Entered Level 1 of the Shoals
 25102 | Shoals:1 | Found Podiyst's General Store.
 25228 | Shoals:1 | Found Jaawoc's Antique Armour Boutique.
 25260 | Shoals:1 | Bought a distressingly furry chain mail for 323 gold pieces
 25281 | Shoals:1 | Identified the cursed +1 chain mail of the Several Seas {rC+ Dex+3 SInv} (You bought it in a shop on level 1 of the Shoals)
 25695 | Shoals:2 | Noticed Louise
 25696 | Shoals:2 | Received a gift from Trog
 25709 | Shoals:2 | Killed Louise
 26431 | Shoals:2 | Noticed Jorgrun
 26445 | Shoals:2 | Killed Jorgrun
 26567 | Shoals:2 | Found Yngey's Magic Scroll Emporium.
 26578 | Shoals:2 | Bought a scroll of identify for 32 gold pieces
 26740 | Shoals:3 | Reached skill level 14 in Fighting
 26876 | Shoals:3 | Received a gift from Trog
 27071 | Shoals:3 | Gained mutation: You have a pair of large horns on your head. [demonic ancestry]
 27071 | Shoals:3 | Reached XP level 16. HP: 127/133 MP: 5/16
 27186 | Shoals:3 | Found Wyneitel's Food Boutique.
 27735 | Shoals:3 | Noticed Nikola
 27793 | Shoals:3 | Killed Nikola
 27962 | Shoals:4 | Entered Level 4 of the Shoals
 28489 | Shoals:4 | Found a runed door.
 28536 | Shoals:4 | Got a barnacled rune of Zot
 28597 | Shoals:4 | Received a gift from Trog
 28725 | Shoals:4 | Noticed Ilsuiw
 28756 | Shoals:4 | Killed Ilsuiw
 29572 | Shoals:4 | Received a gift from Trog
 29573 | Shoals:4 | Reached skill level 15 in Fighting
 30332 | D:13     | Found a gate to the Vaults.
 30475 | D:13     | Gained mutation: You are somewhat able to resist unholy torments (1 in 2 success). [demonic ancestry]
 30475 | D:13     | Reached XP level 17. HP: 142/142 MP: 9/17
 30585 | D:13     | Identified a scroll of acquirement
 30794 | D:14     | Found an ancient bone altar of Kikubaaqudgha.
 31185 | D:14     | Reached skill level 15 in Armour
 31211 | D:14     | Received a gift from Trog
 31868 | D:15     | Entered Level 15 of the Dungeon
 31882 | D:15     | Found a staircase to the Depths.
 32225 | D:15     | Noticed Agnes
 32239 | D:15     | Killed Agnes
 32353 | D:15     | Reached skill level 16 in Fighting
 32619 | Spider:1 | Entered Level 1 of the Spider Nest
 33236 | Spider:1 | Received a gift from Trog
 33365 | Spider:2 | Got a shimmering turquoise ring
 33367 | Spider:2 | Identified the ring of the Monkey's Uncle {+Blink SInv} (You acquired it on level 2 of the Spider Nest)
 34633 | Spider:3 | Received a gift from Trog
 34736 | Spider:3 | Reached XP level 18. HP: 153/153 MP: 6/18
 34949 | Spider:3 | Reached skill level 15 in Shields
 35644 | Spider:4 | Entered Level 4 of the Spider Nest
 35847 | Spider:4 | Received a gift from Trog
 36562 | Spider:4 | Noticed Arachne
 36584 | Spider:4 | Killed Arachne
 36697 | Spider:4 | Reached skill level 17 in Fighting
 37593 | Spider:4 | Got a gossamer rune of Zot
 37938 | Elf:1    | Entered Level 1 of the Elven Halls
 37977 | Elf:1    | Got a pair of faintly humming gloves
 37993 | Elf:1    | Identified the +2 pair of gloves of Dogma {rN+} (You found it on level 1 of the Elven Halls)
 38034 | Elf:1    | Reached skill level 15 in Long Blades
 38114 | Elf:1    | Received a gift from Trog
 38148 | Elf:1    | Found a deep blue altar of Sif Muna.
 39293 | Elf:2    | Received a gift from Trog
 39430 | Elf:2    | Received a gift from Trog
 39434 | Elf:2    | Gained mutation: Your melee attacks may debilitate your foes. [demonic ancestry]
 39434 | Elf:2    | Reached XP level 19. HP: 161/161 MP: 6/19
 39586 | Elf:2    | Found a huge runed gate.
 39586 | Elf:2    | Found a huge runed gate.
 39586 | Elf:2    | Found a huge runed gate.
 39587 | Elf:2    | Found a huge runed gate.
 39593 | Elf:2    | Found a huge runed gate.
 40072 | Elf:2    | Noticed tkdonut's ghost (journeyman HOBe)
 40091 | Elf:2    | Killed tkdonut's ghost
 40903 | Elf:2    | Received a gift from Trog
 41202 | Elf:3    | Entered Level 3 of the Elven Halls
 41289 | Elf:3    | Found a magical portal.
 41300 | WizLab   | Entered The Hall of the Hellbinder
 41518 | WizLab   | Gained mutation: You do not regenerate when monsters are visible. [a cacodemon]
 42170 | WizLab   | Noticed Coull
 42183 | WizLab   | Killed Coull the Hellbinder
 42533 | WizLab   | Found a burning altar of Makhleb.
 42564 | WizLab   | Found the +1 cloak of Starlight {rElec rC+ EV+4 Stlth--}
 42565 | WizLab   | Found the macabre finger necklace {rN+}
 42727 | Elf:3    | Reached skill level 18 in Fighting
 43060 | Elf:3    | Received a gift from Trog
 43236 | Elf:3    | Found a shimmering altar of Xom.
 43383 | Elf:3    | Got a transparent broad axe {flame}
 43383 | Elf:3    | Got a translucent platinum amulet
 43404 | Elf:3    | Got a warped marble ring
 43466 | Elf:3    | Got a steaming brass ring
 43474 | Elf:3    | Identified the ring "Baagh" {rF+ Stlth+} (You took it off a deep elf demonologist on level 3 of the Elven Halls)
 43476 | Elf:3    | Identified the amulet "Xuhuatac" {Gourm *Corrode rPois Stlth+} (You took it off a deep elf death mage on level 3 of the Elven Halls)
 43480 | Elf:3    | Identified the ring "Ysovo" {Fire Int+4 SInv} (You found it on level 3 of the Elven Halls)
 43523 | Elf:3    | Noticed a Brimstone Fiend
 43897 | Elf:3    | Received a gift from Trog
 43902 | Elf:3    | Got a glittering steel ring
 43903 | Elf:3    | Got a jewelled trident {elec}
 43906 | Elf:3    | Identified the +4 broad axe "Ogreslayer" {flame, Str+4} (You took it off a deep elf death mage on level 3 of the Elven Halls)
 43907 | Elf:3    | Identified the cursed +0 trident of the Ass {elec, rPois Str+5 Int+3 Stlth+} (You took it off a deep elf sorcerer on level 3 of the Elven Halls)
 44099 | Elf:3    | Got a twisted halberd {chop}
 44295 | Elf:3    | Identified the +6 halberd of the Modern Seas {chop, rElec} (You took it off a deep elf annihilator on level 3 of the Elven Halls)
 44419 | Elf:3    | Reached XP level 20. HP: 148/172 MP: 20/20
 44424 | Elf:3    | Got a ring of the Octopus King
 44451 | Elf:3    | Found the +9 staff of Wucad Mu {channel}
 44479 | Elf:3    | Identified a ring of the Octopus King {Wiz AC+1 EV+1 Str+1 Int+1 Dex+1} (You took it off a deep elf mage on level 3 of the Elven Halls)
 44499 | Elf:3    | Got a spiked cloak
 44522 | Elf:3    | Identified the +2 cloak of Dim Light {Dex+7} (You found it on level 3 of the Elven Halls)
 44585 | Elf:3    | Lost mutation: You do not regenerate when monsters are visible. [potion of mutation]
 44585 | Elf:3    | Gained mutation: You tend to lose your temper in combat. [potion of mutation]
 44585 | Elf:3    | Gained mutation: You are somewhat resistant to further mutation. [potion of mutation]
 44585 | Elf:3    | Gained mutation: You have an increased reservoir of magic. (+10% MP) [potion of mutation]
 44586 | Elf:3    | Lost mutation: You tend to lose your temper in combat. [potion of mutation]
 44586 | Elf:3    | Lost mutation: You are somewhat resistant to further mutation. [potion of mutation]
 44586 | Elf:3    | Lost mutation: You have an increased reservoir of magic. (+10% MP) [potion of mutation]
 44586 | Elf:3    | Gained mutation: Your flesh is cold resistant. (rC+) [potion of mutation]
 44586 | Elf:3    | Gained mutation: Your mind is acute. (Int +2) [potion of mutation]
 44616 | Elf:3    | Identified the ring "Juntei" {rPois Dex+4} (You took it off a deep elf sorcerer on level 3 of the Elven Halls)
 44927 | Vaults:1 | Entered Level 1 of the Vaults
 44996 | Vaults:1 | Found Xonaics Zaax's Assorted Antiques.
 45013 | Vaults:1 | Gained mutation: Potions are less effective at restoring your health. [a neqoxec]
 45015 | Vaults:1 | Gained mutation: You are frail. (-10% HP) [a neqoxec]
 45016 | Vaults:1 | Received a gift from Trog
 45310 | Vaults:1 | Found Suin's Book Shoppe.
 45610 | Vaults:1 | Found Pir Jul's Gadget Emporium.
 45678 | Vaults:1 | Found Liczueju's Antique Weapon Shoppe.
 45890 | Vaults:1 | Found Xoriaw's General Store.
 46271 | Vaults:2 | Received a gift from Trog
 46286 | Vaults:2 | Found a staircase to the Crypt.
 46350 | Vaults:2 | Reached skill level 19 in Fighting
 47630 | Vaults:3 | Noticed Aizul
 47639 | Vaults:3 | Killed Aizul
 47820 | Vaults:3 | Received a gift from Trog
 47963 | Vaults:3 | Noticed erker's ghost (adept OpTm)
 47995 | Vaults:3 | Killed erker's ghost
 48211 | Vaults:3 | Got a bloodstained spear
 48216 | Vaults:3 | Got a distressingly furry chain mail
 48217 | Vaults:3 | Identified the cursed +3 spear of the New World {antimagic, Str+3} (You found it on level 3 of the Vaults)
 48228 | Vaults:3 | Identified the +6 chain mail of the Oligarchy {rF+ rC- MR- Str+6} (You found it on level 3 of the Vaults)
 48298 | Vaults:3 | Gained mutation: You are completely covered in yellow scales. (AC +4, rCorr) [demonic ancestry]
 48298 | Vaults:3 | Reached XP level 21. HP: 156/162 MP: 14/21
 48531 | Vaults:3 | Received a gift from Trog
 48637 | Vaults:3 | Cast into level 3 of the Abyss (a wizard)
 48837 | Abyss:4  | Got an abyssal rune of Zot
 48959 | Vaults:3 | Escaped the Abyss
 49152 | Vaults:3 | Lost mutation: Your mind is acute. (Int +2) [potion of mutation]
 49152 | Vaults:3 | Gained mutation: You tend to lose your temper in combat. [potion of mutation]
 49152 | Vaults:3 | Gained mutation: Your mind is acute. (Int +2) [potion of mutation]
 49153 | Vaults:3 | Lost mutation: You are frail. (-10% HP) [potion of mutation]
 49153 | Vaults:3 | Lost mutation: You tend to lose your temper in combat. [potion of mutation]
 49153 | Vaults:3 | Gained mutation: You have sharp fingernails. [potion of mutation]
 49153 | Vaults:3 | Gained mutation: You have large cloven feet. [potion of mutation]
 49154 | Vaults:3 | Lost mutation: Your mind is acute. (Int +2) [potion of mutation]
 49154 | Vaults:3 | Lost mutation: Potions are less effective at restoring your health. [potion of mutation]
 49154 | Vaults:3 | Lost mutation: Your flesh is cold resistant. (rC+) [potion of mutation]
 49154 | Vaults:3 | Gained mutation: Your mind is acute. (Int +2) [potion of mutation]
 49154 | Vaults:3 | Gained mutation: You are frail. (-10% HP) [potion of mutation]
 49154 | Vaults:3 | Lost mutation: Your mind is acute. (Int +2) [potion of mutation]
 49154 | Vaults:3 | Gained mutation: Your flesh is heat resistant. (rF+) [potion of mutation]
 49377 | Vaults:3 | Cast into level 3 of the Abyss (a deep elf demonologist)
 49432 | Vaults:3 | Escaped the Abyss
 49456 | Vaults:3 | Received a gift from Trog
 50526 | Vaults:4 | Reached skill level 20 in Fighting
 50670 | Vaults:4 | Noticed Sojobo
 50688 | Vaults:4 | Killed Sojobo
 50739 | Vaults:4 | Received a gift from Trog
 51339 | Vaults:5 | Entered Level 5 of the Vaults
 52215 | Vaults:4 | Received a gift from Trog
 52375 | Vaults:5 | Reached XP level 22. HP: 172/172 MP: 22/22
 52577 | Vaults:5 | Cast into level 4 of the Abyss (a deep elf sorcerer)
 52618 | Vaults:5 | Escaped the Abyss
 52738 | Vaults:5 | Found Qint's Distillery.
 52753 | Vaults:5 | Noticed a golden dragon
 52767 | Vaults:5 | Killed a golden dragon
 52781 | Vaults:5 | Bought a potion of heal wounds for 85 gold pieces
 52781 | Vaults:5 | Bought a potion of heal wounds for 85 gold pieces
 52902 | Vaults:5 | Received a gift from Trog
 52967 | Vaults:5 | Found the +8 orange crystal plate armour {Archmagi, Int+3 Clar}
 53045 | Vaults:5 | Reached skill level 21 in Fighting
 53426 | Vaults:5 | Paralysed by a lich for 7 turns
 53440 | Vaults:5 | Found Juit's Gadget Shoppe.
 53942 | Vaults:5 | Received a gift from Trog
 54064 | Vaults:5 | Found Sel Muule's Antique Armour Shop.
 54117 | Vaults:5 | Found Ziqic's Distillery.
 54124 | Vaults:5 | Bought a potion of heal wounds for 80 gold pieces
 54124 | Vaults:5 | Bought a potion of heal wounds for 80 gold pieces
 54132 | Vaults:5 | Lost mutation: You have large cloven feet. [potion of mutation]
 54132 | Vaults:5 | Lost mutation: You have sharp fingernails. [potion of mutation]
 54132 | Vaults:5 | Lost mutation: Your flesh is heat resistant. (rF+) [potion of mutation]
 54132 | Vaults:5 | Lost mutation: You are frail. (-10% HP) [potion of mutation]
 54132 | Vaults:5 | Gained mutation: You are dopey. (Int -2) [potion of mutation]
 54132 | Vaults:5 | Gained mutation: You evolve. [potion of mutation]
 54132 | Vaults:5 | Gained mutation: You rapidly evolve. [potion of mutation]
 54172 | Vaults:5 | Noticed a golden dragon
 54192 | Vaults:5 | Killed a golden dragon
 54225 | Vaults:5 | Got a polished chain mail
 54498 | Vaults:5 | Identified the +1 chain mail of Ximiu {rF+ rCorr MP+9 Int+9} (You took it off an orc on level 5 of the Vaults)
 54647 | Vaults:5 | Found Eppav's Armour Shop.
 54657 | Vaults:5 | Reached XP level 23. HP: 173/200 MP: 23/23
 54782 | Vaults:5 | Got a silver rune of Zot
 55230 | Depths:1 | Entered Level 1 of the Depths
 55587 | Depths:1 | Received a gift from Trog
 55681 | Depths:1 | Found a gateway to Hell.
 55878 | Depths:1 | Found a one-way gate leading to the halls of Pandemonium.
 55937 | Depths:1 | Found Citywne's General Store.
 55951 | Depths:1 | Bought a scroll of acquirement for 728 gold pieces
 55954 | Depths:1 | Got a heavily runed amethyst amulet
 55957 | Depths:1 | Identified the amulet of Maybuta {RegenMP Str+4 Int+2} (You acquired it on level 1 of the Depths)
 56218 | Depths:1 | Found a one-way gate to the infinite horrors of the Abyss.
 56281 | Depths:1 | Found Sepetuum's Elemental Accessories.
 56501 | Depths:2 | Received a gift from Trog
 56678 | Depths:2 | Noticed a juggernaut
 56703 | Depths:2 | Killed a juggernaut
 57182 | Depths:2 | Found a gateway to a ziggurat.
 57237 | Zig:1    | Entered Level 1 of a ziggurat
 57256 | Zig:2    | Entered Level 2 of a ziggurat
 57272 | Zig:3    | Entered Level 3 of a ziggurat
 57305 | Zig:3    | Got a bloodstained cloak
 57322 | Zig:3    | Identified the cursed +0 cloak of the Earth {-Cast rPois Slay+2} (You found it on level 3 of a ziggurat)
 57337 | Zig:4    | Entered Level 4 of a ziggurat
 57595 | Zig:5    | Entered Level 5 of a ziggurat
 57615 | Zig:5    | Reached skill level 22 in Fighting
 57759 | Zig:6    | Entered Level 6 of a ziggurat
 57761 | Zig:6    | Found the +12 glaive of Prune {chop}
 57781 | Zig:6    | Received a gift from Trog
 57909 | Zig:7    | Entered Level 7 of a ziggurat
 57981 | Zig:8    | Entered Level 8 of a ziggurat
 57996 | Zig:8    | Found the +6 arbalest "Damnation" {damnation}
 58050 | Zig:8    | Got a pitted graven amulet
 58065 | Zig:9    | Entered Level 9 of a ziggurat
 58140 | Zig:9    | Got a warped trident
 58160 | Zig:9    | Identified the amulet "Karghah" {RegenMP rElec rN+} (You found it on level 8 of a ziggurat)
 58161 | Zig:9    | Identified the +7 trident of Qazlal's Hope {pierce, rF+ Stlth+} (You found it on level 9 of a ziggurat)
 58170 | Zig:10   | Entered Level 10 of a ziggurat
 58197 | Zig:10   | Reached XP level 24. HP: 208/208 MP: 0/23
 58241 | Zig:10   | Found the +5 demon whip "Spellbinder" {antimagic, MR+}
 58245 | Zig:10   | Received a gift from Trog
 58431 | Zig:11   | Entered Level 11 of a ziggurat
 58546 | Zig:11   | Got an encrusted dagger
 58586 | Zig:11   | Identified the cursed +1 dagger "Tirau" {protect, +Fly Int+3} (You found it on level 11 of a ziggurat)
 58590 | Zig:11   | Gained mutation: You regenerate a lot of health from kills. [demonic ancestry]
 58590 | Zig:11   | Reached XP level 25. HP: 216/216 MP: 23/23
 58591 | Zig:11   | Reached skill level 10 in Dodging
 58591 | Zig:11   | Reached XP level 26. HP: 224/224 MP: 23/23
 58592 | Zig:11   | Reached XP level 27. HP: 231/231 MP: 23/23
 58597 | Zig:12   | Entered Level 12 of a ziggurat
 58611 | Zig:12   | Noticed a juggernaut
 58613 | Zig:12   | Noticed a juggernaut
 58620 | Zig:12   | Killed a juggernaut
 58621 | Zig:12   | Noticed a juggernaut
 58637 | Zig:12   | Killed a juggernaut
 58649 | Zig:12   | Killed a juggernaut
 58813 | Zig:12   | Got a scintillating bone ring
 58816 | Zig:12   | Got a bloodstained scale mail
 58839 | Zig:12   | Identified the cursed ring "Tucar" {*Corrode rPois Str-3 Int+7} (You found it on level 12 of a ziggurat)
 58851 | Zig:12   | Identified the +1 scale mail "Jitte" {rF+ Int+4} (You found it on level 12 of a ziggurat)
 58875 | Zig:12   | Reached skill level 23 in Fighting
 58878 | Zig:13   | Entered Level 13 of a ziggurat
 58893 | Zig:13   | Noticed an ancient lich
 58898 | Zig:13   | Received a gift from Trog
 58919 | Zig:13   | Killed an ancient lich
 58921 | Zig:13   | Paralysed by a wizard for 7 turns
 58964 | Zig:13   | Found the +10 large shield of Ignorance {rN+ Int-4}
 59052 | Zig:14   | Entered Level 14 of a ziggurat
 59124 | Zig:14   | Received a gift from Trog
 59135 | Zig:14   | Cast into level 2 of the Abyss (a deep elf demonologist)
 59188 | Zig:14   | Escaped the Abyss
 59272 | Zig:14   | Got a bound glass ring
 59285 | Zig:14   | Identified the ring "Huriut" {Wiz rF+ Dex+5} (You found it on level 14 of a ziggurat)
 59705 | Depths:2 | Noticed a juggernaut
 59713 | Depths:2 | Killed a juggernaut
 60241 | Depths:3 | Noticed Margery
 60264 | Depths:3 | Received a gift from Trog
 60272 | Depths:3 | Killed Margery
 60381 | Depths:3 | Noticed the Enchantress
 60405 | Depths:3 | Noticed Xtahua
 60405 | Depths:3 | Paralysed by a great orb of eyes for 6 turns
 60408 | Depths:3 | HP: 9/235 [the Enchantress/enchanted quick blade (11)]
 60408 | Depths:3 | HP: 4/235 [spriggan rider/spear[the Enchantress] (5)]
 60408 | Depths:3 | Mangled by an iron troll

Skill      XL: |  1  2  3  4  5  6  7  8  9 10 11 12 13 14 15 16 17 18 19 20 21 22 23 24 25 26 27 |
---------------+----------------------------------------------------------------------------------+-----
Long Blades    | 3 4 5 6 8 9 10 11 12 13 14 15 16 17 18 | 18.5
Armour         | 2 3 4 5 6 7 8 9 10 11 13 14 15 16 17 18 19 20 | 20.4
Dodging        | 2 3 4 5 6 7 8 9 10 11 | 11.7
Fighting       | 4 5 7 8 9 10 11 13 14 15 16 17 18 19 20 21 22 23 | 23.6
Stealth        | 1 |  1.1
Shields        | 3 5 7 8 10 11 12 13 14 16 17 18 19 20 21 22 | 22.0
Short Blades   | |  0.4

Action                   |  1- 3 |  4- 6 |  7- 9 | 10-12 | 13-15 | 16-18 | 19-21 | 22-24 | 25-27 || total
-------------------------+-------+-------+-------+-------+-------+-------+-------+-------+-------++-------
Melee: Falchion          |   102 |   109 |   388 |   366 |       |       |       |       |       ||   965
       Headbutt          |     9 |    20 |   119 |   198 |   454 |   645 |   669 |   494 |   163 ||  2771
       Scimitar          |       |       |       |   232 |  1142 |  1988 |  1691 |  1231 |   409 ||  6693
       Dagger            |       |       |       |       |    22 |       |       |       |       ||    22
Invok: Berserk           |       |     4 |     9 |    18 |     7 |       |    10 |     4 |     4 ||    56
       Brothers in Arms  |       |       |     1 |     1 |     1 |     5 |    10 |     9 |     5 ||    32
       Burn Spellbooks   |       |       |     1 |     4 |     5 |     3 |     5 |     5 |     4 ||    27
       Trog's Hand       |       |       |       |       |       |       |     1 |     1 |       ||     2
Evoke: Wand              |       |       |       |       |     3 |       |       |       |       ||     3
  Use: Scroll            |       |     5 |     7 |     5 |    26 |    17 |    10 |    18 |    10 ||    98
       Potion            |       |     1 |       |       |       |     5 |     6 |     6 |     8 ||    26
 Stab: Distracted        |       |       |     1 |     1 |     5 |     6 |    12 |    18 |     6 ||    49
       Sleeping          |       |       |       |     2 |       |       |       |       |       ||     2
       Petrified         |       |       |       |       |     5 |       |       |       |       ||     5
       Confused          |       |       |       |       |       |       |       |     2 |       ||     2
  Eat: Chunk             |     3 |     8 |    26 |    27 |    38 |    29 |    29 |    13 |     7 ||   180
       Ration            |       |       |       |     4 |     4 |     4 |     7 |     5 |     1 ||    25
Armor: Animal skin       |     7 |       |       |       |       |       |       |       |       ||     7
       Ring mail         |    14 |       |    12 |   165 |   162 |       |       |       |       ||   353
       Chain mail        |    28 |    81 |   230 |       |    82 |   479 |   276 |    62 |       ||  1238
       Crystal plate arm |       |       |       |       |       |       |       |    93 |       ||    93
       Gold dragon scale |       |       |       |       |       |       |       |   332 |   246 ||   578
Dodge: Dodged            |    56 |    68 |   163 |   230 |   599 |   872 |   679 |   690 |   297 ||  3654
Block: Shield            |       |       |    80 |   330 |  1003 |  1954 |  1500 |  1330 |   162 ||  6359
       Reflection        |       |       |       |       |    44 |    80 |    99 |    80 |     7 ||   310
       Large shield      |       |       |       |       |       |       |       |       |   480 ||   480
       Rpst.: Falchion   |    15 |    31 |    58 |    43 |       |       |       |       |       ||   147
       Scimitar          |       |       |       |    21 |   139 |   147 |   141 |   113 |    56 ||   617
